 Dungeon Crawl Stone Soup version 0.28.0-53-g5a82cb258f (webtiles) character file.

Game seed: 17591353798250742458

35 LynnLen the Sneak (level 3, 0/24 HPs)
             Began as a Vampire Enchanter on July 30, 2022.
             Succumbed to an adder's poison
             ... on level 2 of the Dungeon.
             The game lasted 00:03:56 (1039 turns).

LynnLen the Sneak (Vampire Enchanter)               Turns: 1039, Time: 00:03:57

Health: 0/24       AC:  2    Str:  7    XL:     3   Next: 16%
Magic:  3/6        EV: 12    Int: 17    God:
Gold:   79         SH:  0    Dex: 16    Spells: 1/6 levels left

rFire   . . .      SeeInvis +   a - +1 dagger
rCold   . . .      Faith    .   (no shield)
rNeg    . . .      Spirit   .   b - +0 robe
rPois   .          Reflect  .   (no helmet)
rElec   .          Harm     .   (no cloak)
rCorr   .          Rampage  .   (no gloves)
Will    .....                   (no boots)
Stlth   +++.......              (no amulet)
HPRegen 0.28/turn               (no ring)
MPRegen 0.10/turn               (no ring)

@: mighty, lethally poisoned (0 -> -1), healing quickly
A: alive, fangs 3, see invisible, vampiric 2
a: Exsanguinate


You were on level 2 of the Dungeon.
You visited 1 branch of the dungeon, and saw 2 of its levels.

You collected 79 gold pieces.

Inventory:

Hand Weapons
 a - a +1 dagger (weapon)
Missiles
 d - 3 boomerangs (quivered)
Armour
 b - a +0 robe (worn)
Potions
 c - a potion of invisibility
 e - a potion of might


   Skills:
 * Level 1.8 Short Blades
 * Level 2.5 Dodging
 * Level 5.2 Stealth
 * Level 2.2 Spellcasting
 + Level 4.8 Hexes


You had one spell level left.
You knew the following spells:

 Your Spells              Type           Power      Damage    Failure   Level
a - Confusing Touch       Hex            18%        N/A       8%          3
b - Ensorcelled Hibernat  Hex/Ice        20%        N/A       11%         2

Your spell library contained the following spells:

 Spells                   Type           Power      Damage    Failure   Level
 Tukima's Dance           Hex            18%        N/A       8%          3
 Dazzling Flash           Conj/Hex       20%        N/A       22%         3
 Ignite Poison            Fire/Tmut/Pois 1%         N/A       50%         3
 Mephitic Cloud           Conj/Pois/Air  1%         N/A       50%         3
 Freezing Cloud           Conj/Ice/Air   0%         6-21      99%         5


Dungeon Overview and Level Annotations

Branches:
Dungeon (2/15)

Altars:


Innate Abilities, Weirdness & Mutations

Your natural rate of healing is accelerated.
You have razor-sharp teeth.
You have supernaturally acute eyesight. (SInv)
You are afflicted with vampirism and can become a bat while bloodless.


Message History

You hit the dart slug.
You kill the dart slug!
You see here a dart slug corpse.
Found a stone staircase leading up.
e - 2 amethyst potions (gained 1)
An adder and a goblin come into view.
The helpless goblin fails to defend itself.
You impale the goblin!!
You kill the goblin!
The adder hisses angrily.
The adder bites you.
You are poisoned.
The adder poisons you! The adder bites you.
You hit the adder but do no damage.
You feel sick. The adder bites you but does no damage.
You closely miss the adder. Your bite misses the adder.
The adder barely misses you.
Cast which spell? (? or * to list)
The spell is quite dangerous to miscast (8% risk of failure)!
Continue anyway?
Your hands begin to glow red.
You feel sick. The adder bites you.
You barely miss the adder.
You feel sick. The adder bites you.
You are more poisoned.
The adder poisons you! The adder misses you.
You hit the adder but do no damage.
The adder appears confused.
You bite the adder.
The adder is moderately wounded.
You feel sick.
You feel sick.
You barely miss the adder. Your bite misses the adder.
The adder is moderately wounded.
You feel sick. The adder bites you.
* * * LOW HITPOINT WARNING * * *
It was a potion of might.
You feel very mighty all of a sudden.
* * * LOW HITPOINT WARNING * * *
You feel sick. The adder closely misses you.
You strike the helpless adder from behind!
You puncture the adder!
You kill the adder!
You die...

...# #..# #..#
#..# #### #..#
#... ########..#
#.## #.........#
#<# #.@.### #.#
####.†.#.## #.#
#.........## #.#
#.....)....######
#.#
#.........#.....#
#.##
####...###.####
#... ##....#.##
#### .........#
#.# #########.#
#.#


There were no monsters in sight!

Vanquished Creatures
  An adder (D:2)
  3 dart slugs
  4 endoplasms
  2 giant cockroaches
  2 goblins
  3 hobgoblins (D:1)
  A quokka (D:1)
  A ball python (D:1)
  3 bats (D:1)
  2 frilled lizards
  4 kobolds
  3 rats (D:1)
29 creatures vanquished.

Notes
Turn   | Place    | Note
-------+----------+-------------------------------------------
     0 | D:1      | LynnLen the Vampire Enchanter began the quest for the Orb.
     0 | D:1      | Reached XP level 1. HP: 13/13 MP: 3/3
   275 | D:1      | Reached XP level 2. HP: 12/19 MP: 5/5
   549 | D:1      | Reached skill level 5 in Stealth
   617 | D:1      | Found a faded altar of an unknown god.
   946 | D:2      | Gained mutation: You are afflicted with vampirism and can
                  | become a bat while bloodless. [Vampire growth]
   946 | D:2      | Reached XP level 3. HP: 24/24 MP: 6/6
   956 | D:2      | Learned a level 3 spell: Confusing Touch
   959 | D:2      | Learned a level 2 spell: Ensorcelled Hibernation
  1038 | D:2      | HP: 1/24 [poisoned by an adder]
  1039 | D:2      | Succumbed to an adder's poison

Illustrated notes

Levels and vault maps discovered:
D:1:      zelgadis_glass_arrival_small, layout_rooms,
          hellmonk_ecumenical_altar_prayer_group, minmay_octomino_j4
D:2:      layout_loops_ring

Skill      XL: |  1  2 |
---------------+-------+-----
Stealth        | 5 |  5.2
Short Blades   | |  1.8
Dodging        | |  2.5
Spellcasting   | |  2.2
Hexes          | |  4.8

Action                   || total
-------------------------++-------
Melee: Dagger            ||   120
       Bite              ||     9
       Punch             ||     1
 Cast: Confusing Touch   ||     1
  Use: Potion            ||     1
 Stab: Sleeping          ||     8
       Confused          ||     1
Armor: Robe              ||    14
Dodge: Dodged            ||    58
